 Dungeon Crawl Stone Soup version 0.30-a0-297-g0ec75d9ef4 (webtiles) character file.

Game seed: 11865881220710466817

149 Iusername the Poker (level 5, -4/61 HPs)
             Began as a Merfolk Gladiator on Oct 19, 2022.
             Slain by an orc
             ... wielding a +0 hand axe
              (6 damage)
             ... on level 3 of the Dungeon.
             The game lasted 00:02:00 (2688 turns).

Iusername the Poker (Merfolk Gladiator)             Turns: 2688, Time: 00:02:01

Health: -4/61      AC:  5    Str: 16    XL:     5   Next: 31%
Magic:  5/5        EV: 14    Int:  8    God:
Gold:   89         SH:  0    Dex: 15    Spells: 4/4 levels left

rFire   . . .      SeeInvis .    a - +0 trident
rCold   . . .      Faith    .    (no shield)
rNeg    . . .      Spirit   .    b - +0 leather armour
rPois   .          Reflect  .    c - +0 helmet
rElec   .          Harm     .    (no cloak)
rCorr   .          Rampage  .    (no gloves)
Will    .....                    j - +0 pair of boots
Stlth   ..........               (no amulet)
HPRegen 0.30/turn                (no ring)
MPRegen 0.09/turn                (no ring)

@: berserking, very quick
A: (nimble swimmer 2), mertail
a: no special abilities


You were on level 3 of the Dungeon.
You visited 1 branch of the dungeon, and saw 3 of its levels.

You collected 89 gold pieces.

Inventory:

Hand Weapons
 a - a +0 trident (weapon)
Missiles
 d - 4 throwing nets (quivered)
 e - a javelin
Armour
 b - a +0 leather armour (worn)
 c - a +0 helmet (worn)
 j - a +0 pair of boots (worn)
Jewellery
 i - a ring of protection from fire
Wands
 l - a wand of flame (19)
Scrolls
 g - 2 scrolls of identify {unknown}
 h - a scroll of poison {unknown}
 n - a scroll of butterflies {unknown}
 q - a scroll of teleportation {unknown}
 r - a scroll of enchant armour {unknown}
 t - a scroll of vulnerability {unknown}
Potions
 f - a potion of heal wounds {unknown}
 m - a potion of brilliance {unknown}
 p - a potion of invisibility {unknown}
 s - a potion of lignification {unknown}


   Skills:
 + Level 3.4 Fighting
 + Level 5.2 Polearms
 + Level 3.1 Throwing
 + Level 5.1 Dodging


You had 4 spell levels left.
You didn't know any spells.
Your spell library contained the following spells:

 Spells                   Type           Power      Damage    Failure   Level
 Ensorcelled Hibernation  Hex/Ice        0%         N/A       63%         2
 Passwall                 Tmut/Erth      0%         N/A       63%         2
 Gell's Gravitas          Tloc           0%         N/A       85%         3
 Lesser Beckoning         Tloc           0%         N/A       85%         3
 Stone Arrow              Conj/Erth      0%         3d7       85%         3
 Summon Guardian Golem    Hex/Summ       0%         N/A       85%         3
 Swiftness                Air            0%         N/A       85%         3
 Teleport Other           Tloc           0%         N/A       85%         3
 Animate Armour           Summ/Erth      0%         N/A       99%         4
 Orb of Destruction       Conj           0%         9d5       100%        7
 Spellforged Servitor     Conj/Summ      0%         N/A       100%        7
 Lehudib's Crystal Spear  Conj/Erth      0%         10d2      100%        8


Dungeon Overview and Level Annotations

Branches:
Dungeon (3/15)

Altars:
Cheibriados


Innate Abilities, Weirdness & Mutations

((You are very nimble when in or above water. (Stealth+, EV+, Speed+++)))
Your lower body shifts to a powerful aquatic tail in water.


Message History

The orc is lightly wounded.
The giant cockroach bites you.
* * * LOW HITPOINT WARNING * * *
The orc hits you with a +0 hand axe.
* * * LOW HITPOINT WARNING * * *
The orc hits you but does no damage.
You barely miss the orc.
The orc is lightly wounded.
The giant cockroach closely misses you. The orc misses you. x2
Unknown command.
You hit the orc.
The orc is heavily wounded.
The giant cockroach barely misses you. The orc barely misses you.
The orc hits you but does no damage.
The giant cockroach bites you but does no damage.
Unknown command.
You hit the orc.
The orc is almost dead.
The orc closely misses you. The orc misses you. The giant cockroach misses you.
Unknown command.
You closely miss the orc.
The orc is almost dead.
The giant cockroach bites you but does no damage.
The orc hits you with a +0 hand axe.
* * * LOW HITPOINT WARNING * * *
The orc hits you but does no damage.
Unknown command.
You puncture the orc!
You kill the orc!
The giant cockroach closely misses you. The orc barely misses you.
The giant cockroach bites you.
* * * LOW HITPOINT WARNING * * *
You completely miss the orc. The orc hits you with a +0 hand axe.
* * * LOW HITPOINT WARNING * * *
The giant cockroach closely misses you.
Unknown command.
A red film seems to cover your vision as you go berserk!
You feel yourself moving faster!
You feel mighty! The orc hits you with a +0 hand axe.
You die...

#############
##.#...........# .
................ ...
#..<....#
....#####+#+#.#.###.#
.......)@.....#.#
.......Bo.....#..
......).......####
....#####+#+#.... ...
##### ..


You could see an orc and a giant cockroach.

Vanquished Creatures
  An orc wizard (D:3)
  4 gnolls (D:2)
  3 adders (D:2)
  A worm (D:2)
  A dart slug (D:2)
  2 orcs (D:3)
  2 ball pythons (D:2)
  2 bats
  4 endoplasms (D:1)
  A giant cockroach (D:1)
  3 hobgoblins (D:1)
  9 jackals
  7 kobolds
  4 quokkas
  2 frilled lizards (D:1)
  2 goblins (D:1)
  4 rats
52 creatures vanquished.

Vanquished Creatures (others)
  15 plants (D:2)
15 creatures vanquished.

Grand Total: 67 creatures vanquished

Notes
Turn   | Place    | Note
-------+----------+-------------------------------------------
     0 | D:1      | Iusername the Merfolk Gladiator began the quest for the
                  | Orb.
     0 | D:1      | Reached XP level 1. HP: 16/16 MP: 1/1
   283 | D:1      | Reached XP level 2. HP: 23/23 MP: 2/2
   507 | D:1      | Reached XP level 3. HP: 13/28 MP: 3/3
  1396 | D:2      | Reached XP level 4. HP: 27/34 MP: 4/4
  1781 | D:2      | Found a snail-covered altar of Cheibriados.
  2244 | D:2      | Reached skill level 5 in Polearms
  2246 | D:2      | Reached skill level 5 in Dodging
  2250 | D:2      | Reached XP level 5. HP: 5/41 MP: 5/5
  2454 | D:2      | Found a faded altar of an unknown god.
  2687 | D:3      | HP: 1/41 [orc/+0 hand axe (4)]
  2688 | D:3      | Slain by an orc

Illustrated notes

Levels and vault maps discovered:
D:1:      dpeg_arrival_fog, layout_basic
D:2:      layout_basic, basic_altar, serial_bayou, serial_bayou_ford_a,
          serial_bayou_shore_b, serial_bayou_pond_e, serial_bayou_pond_e,
          serial_bayou_lagoon_a, serial_bayou_pond_c,
          dreamdust_ecumenical_altar_statues, hex_tiny,
          corexii_leaking_fountain, minmay_tetromino_o4
D:3:      layout_basic, uniq_sigmund

Skill      XL: |  1  2  3  4 |
---------------+-------------+-----
Fighting       | 3 |  3.4
Polearms       | 5 |  5.2
Dodging        | 5 |  5.1
Throwing       | 3 |  3.1

Action                   |  1- 3 |  4- 6 || total
-------------------------+-------+-------++-------
Melee: Trident           |   122 |    82 ||   204
       Punch             |     1 |     2 ||     3
  Use: Potion            |       |     3 ||     3
 Stab: Sleeping          |     5 |       ||     5
       Distracted        |     1 |       ||     1
Armor: Leather armour    |    34 |    30 ||    64
Dodge: Dodged            |    94 |    84 ||   178

Table legend: (Time is in decaauts)
 A = Elapsed time spent in this place.
 B = Non-inter-level travel time spent in this place.
 C = Inter-level travel time spent in this place.
 D = Time resting spent in this place.
 E = Time spent auto-exploring this place.
 F = Levels seen in this place.
 G = Mean time per level.
                   A        B        C        D        E       F      G
               +--------+--------+--------+--------+--------+-----+--------+
         Total |   2674 |   2598 |     76 |    423 |   1823 |   3 |  891.3 |
       Dungeon |   2674 |   2598 |     76 |    423 |   1823 |   3 |  891.3 |
               +--------+--------+--------+--------+--------+-----+--------+

Top non-repeatable levels by time:
     D:2: 1593 daAuts
     D:1: 1047 daAuts
     D:3: 33 daAuts
